 Dungeon Crawl Stone Soup version 0.21.1-1-g345015fe64 (webtiles) character file.

1519615 Faustar the Ninja (level 27, 177/177 HPs)
             Began as a Kobold Artificer on June 9, 2018.
             Was a High Priest of Nemelex Xobeh.
             Escaped with the Orb
             ... and 3 runes on June 10, 2018!
             The game lasted 09:06:11 (83841 turns).

Faustar the Ninja (Kobold Artificer)               Turns: 83841, Time: 09:06:12

Health: 177/177    AC: 21    Str: 19      XL:     27
Magic:  37/37      EV: 31    Int: 15 (18) God:    Nemelex Xobeh [*****.]
Gold:   1261       SH: 12    Dex: 31      Spells: 38/47 levels left

rFire    + + .     SeeInvis +   F - +10 rapier "Haquthua" {protect, *Drain rC++ Dex+6}
rCold    + + +     Gourm    .   U - +3 buckler {AC+3}
rNeg     + . .     Faith    .   m - +5 scale mail of Coihuaha {rPois rN+}
rPois    +         Spirit   .   V - +2 helmet {SInv}
rElec    +         Reflect  .   H - scarf {rC+ rF+}
rCorr    .         Harm     .   J - +2 pair of gloves
MR       ++...                  p - +3 pair of boots "Liaziru" {+Blink +Inv rPois}
Stlth    ++++......             q - amulet of regeneration
HPRegen  0.79/turn              t - ring "Wabaoz" {+Fly rPois rC- Str+4 Slay+4 Stlth+}
MPRegen  0.25/turn              v - ring "Rirear Onal" {rElec rF+ rC+ Str+4 Int+4}

@: hasted, drained, very quick
A: small, carnivore, deformed body
0: Orb of Zot
}: 3/15 runes: serpentine, barnacled, abyssal
a: Triple Draw, Deal Four, Stack Five, Renounce Religion, Evoke Blink, Evoke
Invisibility, Evoke Flight


You escaped.
You worshipped Nemelex Xobeh.
Nemelex Xobeh was extremely pleased with you.
You were very full.

You visited 10 branches of the dungeon, and saw 50 of its levels.
You visited the Abyss 2 times.
You visited 1 bazaar.
You also visited: Labyrinth and Wizlab.

You collected 5609 gold pieces.
You spent 4348 gold pieces at shops.

Inventory:

Hand Weapons
 F - the +10 rapier "Haquthua" (weapon) {protect, *Drain rC++ Dex+6}
   (You bought it in a shop on level 2 of the Orcish Mines)

   It protects the one who uses it against injury (+AC on strike).
   It affects your dexterity (+6).
   It greatly protects you from cold.
   It causes draining when unequipped.
Armour
 m - the +5 scale mail of Coihuaha (worn) {rPois rN+}
   (You acquired it on level 1 of the Lair of Beasts)

   It protects you from poison.
   It protects you from negative energy.
 p - the +3 pair of boots "Liaziru" (worn) {+Blink +Inv rPois}
   (You acquired it on level 13 of the Dungeon)

   It protects you from poison.
   It lets you turn invisible.
   It lets you blink.
 H - a scarf of resistance (worn)
 J - a +2 pair of gloves (worn)
 U - a +3 buckler of protection (worn)
 V - a +2 helmet of see invisible (worn)
Jewellery
 i - an uncursed ring of positive energy
 q - an amulet of regeneration (around neck)
 t - the ring "Wabaoz" (left hand) {+Fly rPois rC- Str+4 Slay+4 Stlth+}
   (You took it off a minotaur in a labyrinth)

   [ring of slaying]

   It affects your strength (+4).
   It affects your accuracy and damage with ranged weapons and melee attacks
   (+4).
   It makes you vulnerable to cold.
   It protects you from poison.
   It lets you fly.
   It makes you more stealthy.
 v - the ring "Rirear Onal" (right hand) {rElec rF+ rC+ Str+4 Int+4}
   (You took it off a merfolk impaler on level 4 of the Shoals)

   [ring of strength]

   It affects your strength (+4).
   It affects your intelligence (+4).
   It protects you from fire.
   It protects you from cold.
   It insulates you from electricity.
 x - an uncursed ring of resist corrosion
 I - an uncursed ring of protection from magic
Wands
 b - a wand of scattershot (4)
 c - a wand of clouds (5)
 h - a wand of iceblast (11)
 L - a wand of disintegration (2)
 M - a wand of digging (10)
 Z - a wand of acid (16)
Scrolls
 d - 3 scrolls of holy word
 e - 25 scrolls of remove curse
 g - 16 scrolls of teleportation
 j - 4 scrolls of fear
 r - 7 scrolls of fog
 D - 12 scrolls of identify
 E - a scroll of magic mapping
 K - 7 scrolls of blinking
Potions
 a - 3 potions of might
 n - 2 potions of resistance
 s - 12 potions of curing
 u - 9 potions of brilliance
 z - 2 potions of haste
 A - 9 potions of flight
 C - a potion of cancellation
 G - 6 potions of magic
 P - 3 potions of agility
 Q - 5 potions of heal wounds
 T - 8 potions of invisibility
Miscellaneous
 k - a legendary deck of destruction {drawn: 3}
 o - a legendary deck of escape {the Cloud, left: 2}
 w - a legendary deck of summoning {drawn: 5}
 y - an ornate deck of escape {the Elixir, left: 2}
 B - a legendary deck of escape {the Shaft, left: 4}
 N - a legendary deck of destruction {drawn: 10}
 S - an ornate deck of escape {the Tomb, left: 4}
 W - a lightning rod (4/4)
Comestibles
 f - 111 rations


   Skills:
 + Level 19.5(18.4) Fighting
 - Level 21.0(19.9) Short Blades
 - Level 18.0(17.0) Dodging
 O Level 27(25.8) Stealth
 - Level 8.0(7.2) Shields
 - Level 10.7(9.8) Spellcasting
 - Level 11.0(10.2) Charms
 - Level 8.2(7.4) Necromancy
 - Level 12.4(11.5) Air Magic
 - Level 20.4(19.4) Invocations
 - Level 9.0(8.1) Evocations


You had 38 spell levels left.
You knew the following spells:

 Your Spells              Type           Power        Failure   Level  Hunger
a - Regeneration          Chrm/Necr      ####......   2%          3    #......
b - Deflect Missiles      Chrm/Air       #####.....   47%         6    ######.


Dungeon Overview and Level Annotations

Branches:
Dungeon (15/15)            Temple (1/1) D:6            Lair (6/6) D:11
 Shoals (4/4) Lair:2        Snake (4/4) Lair:2        Slime (4/5) Lair:5
    Orc (2/2) D:10            Elf (0/3) Orc:2        Vaults (4/5) D:13
  Crypt (0/3) Vaults:3     Depths (5/5) D:15            Zot (5/5) Depths:5

Altars:
Ashenzari
Cheibriados
Dithmenos
Elyvilon
Fedhas
Gozag
Hepliaklqana
Kikubaaqudgha
Makhleb
Nemelex Xobeh
Okawaru
Qazlal
Ru
Sif Muna
Trog
Uskayaw
Vehumet
Wu Jian
Xom
Yredelemnul
Zin
The Shining One
Beogh
Jiyva
Lugonu

Shops:
D:6 [   D:7 :   D:13 :   D:14 :   Orc:2 =[[(   Vaults:1 *   Vaults:2 !
Vaults:4 =

Portals:
Hell: Depths:1 Depths:2 Depths:3 Depths:4 Depths:5
Abyss: Depths:1 Depths:4
Pandemonium: Depths:2 Depths:3
Ziggurat: Depths:5

Annotations:
Depths:4 exclusion: door
Depths:5 exclusion: orange crystal statue
Zot:2 exclusion: upstairs


Innate Abilities, Weirdness & Mutations

You are small and have problems with some larger weapons.
You are carnivorous and can eat meat at any time.
Armour fits poorly on your strangely shaped body.


Message History

You see here 24 bolts.
A rust devil comes into view.
The rust devil screeches!
Your extra speed is starting to run out.
You feel yourself slow down.
A Tzitzimitl comes into view.
There is an escape hatch in the ceiling here.
A mysterious force pulls you upwards. The hatch slams shut behind you.
You see here 12 poisoned needles.
Evoke which item? (* to show all) (? for menu, Esc to quit)
Aiming: Dig
Press: ? - help, Shift-Dir - straight line The rock shatters into small pieces.
You feel yourself speed up.
Evoke which item? (* to show all) (? for menu, Esc to quit)
Aiming: Dig
Press: ? - help, Shift-Dir - straight line The rock shatters into small pieces.
There is a staircase leading out of the dungeon here.
You have escaped!

##### #.@.##
###...##
#>##...#
#≈.#...##
#≈.##...#
#≈≈.#...###
#≈≈≈##....##
#≈≈≈≈'...'.##
#≈≈≈##...#).##


There were no monsters in sight!

Vanquished Creatures
  An orb of fire (Zot:5)
  2 juggernauts
  4 ancient liches
  A shard shrike (Depths:5)
  Margery (Vaults:4)
  3 Killer Klowns (Zot:5)
  A curse toe (Zot:3)
  Vashnia (Snake:3)
  10 golden dragons
  6 caustic shrikes
  2 electric golems
  8 tentacled monstrosities
  2 liches
  22 Orb Guardians
  7 quicksilver dragons
  2 acid blobs
  2 titans
  A kraken (Shoals:4)
  Kirke (Snake:1)
  12 storm dragons
  5 shadow dragons
  An ancient champion (WizLab)
  3 sphinxes
  7 death cobs
  6 tengu reavers
  A shadow dragon (shapeshifter) (D:15)
  Ilsuiw (Shoals:4)
  2 azure jellies
  6 draconian monks
  6 fire giants
  7 nagarajas
  An iron dragon (Depths:3)
  The ghost of aliadon the Fighter, a journeyman OgTm of Okawaru (Lair:5)
  4 draconian shifters
  A deep elf sorcerer (Depths:3)
  3 frost giants
  5 draconian scorchers
  5 vault wardens
  5 draconian knights
  A juggernaut zombie (Depths:3)
  6 draconian stormcallers
  A deep elf elementalist (Depths:3)
  9 very ugly things
  7 ironheart preservers
  2 caustic shrike skeletons (Depths:3)
  A spriggan defender (Depths:3)
  8 draconian annihilators
  13 stone giants
  5 entropy weavers
  5 vampire knights
  10 green draconians
  A starcursed mass (Abyss:3)
  A deep elf demonologist (Depths:3)
  7 yellow draconians
  10 black draconians
  20 white draconians
  A spark wasp (shapeshifter) (Vaults:4)
  18 purple draconians
  10 red draconians
  12 ettins
  Snorg (D:12)
  4 merfolk javelineers (Shoals:4)
  A minotaur (Lab)
  A deep elf high priest (Depths:3)
  A fire dragon (shapeshifter) (D:15)
  2 deep elf death magi (Depths:3)
  8 yaktaur captains
  6 merfolk impalers
  Josephine (Snake:1)
  14 fire dragons
  11 great orbs of eyes
  4 hydras
  5 rakshasas
  10 vault guards
  9 naga warriors
  The ghost of Alannah the Commander, a journeyman DsFi of Okawaru (Orc:1)
  A catoblepas (shapeshifter) (Vaults:1)
  A spriggan air mage (Depths:4)
  11 anacondas
  A catoblepas (Lair:6)
  A merfolk avatar (Shoals:3)
  19 ice dragons
  The ghost of Lentor the Carver, a journeyman DrBe of Trog (D:12)
  7 centaur warriors
  3 merfolk aquamancers
  4 death knights
  15 ogre magi
  9 deep troll shamans
  3 hell hogs (Abyss:3)
  35 two-headed ogres
  An orc high priest (Orc:1)
  6 tengu warriors
  4 spriggan berserkers (Depths:4)
  An alligator snapping turtle (Shoals:4)
  7 vampire magi
  9 deep troll earth magi
  A fire crab (shapeshifter) (D:15)
  19 naga sharpshooters
  2 large abominations (Abyss:3)
  3 iron trolls
  4 wretched stars (Abyss:3)
  6 shock serpents
  A sixfirhy (D:11)
  A shadow wraith (Vaults:1)
  11 skeletal warriors
  6 flayed ghosts
  8 sea snakes
  12 hell knights
  4 glowing orange brains
  4 death drakes (Depths:5)
  4 salamander mystics
  18 deep trolls
  4 lindwurms (Depths:5)
  3 unseen horrors
  9 naga ritualists
  4 wizards
  3 deep elf archers
  5 ironbrand convokers
  8 orc knights
  7 necromancers
  A phantasmal warrior (D:13)
  2 frost giant zombies
  10 mana vipers
  4 fauns (Shoals:2)
  6 deep elf magi
  3 harpies
  2 human zombies (Vaults:1)
  5 orc sorcerers
  45 ugly things
  3 wolf spiders
  8 cyclopes
  12 manticores
  10 salamanders
  2 elephants (Lair:3)
  34 moths of wrath
  An elephant (shapeshifter) (Depths:3)
  6 guardian serpents
  2 spriggan zombies (Depths:1)
  6 merfolk sirens
  12 vault sentinels
  5 water nymphs
  32 black mambas
  11 naga magi
  10 spiny frogs
  A spiny frog (shapeshifter) (Depths:2)
  A torpor snail (Lair:6)
  2 gargoyles (D:15)
  An efreet (D:11)
  22 yaktaurs
  3 kobold demonologists
  7 freezing wraiths
  5 komodo dragons
  A yaktaur skeleton (Vaults:1)
  2 small abominations
  A jumping spider (shapeshifter) (D:15)
  5 tengu conjurers
  A polar bear (shapeshifter) (D:15)
  5 meliai (Abyss:3)
  2 meliai (shapeshifter)
  24 merfolk
  A queen bee (shapeshifter) (Vaults:1)
  7 trolls
  3 raiju
  7 wind drakes
  9 polar bears (Lair:6)
  2 queen bees
  7 hornets
  12 blink frogs
  Grinder (D:3)
  3 dream sheep
  An ice dragon zombie (Depths:1)
  3 hornets (shapeshifter)
  4 snapping turtles
  8 hippogriffs
  39 slime creatures
  2 hippogriffs (shapeshifter)
  Sigmund (D:6)
  2 ynoxinuls
  2 fire dragon skeletons (Depths:1)
  A fire giant simulacrum (Vaults:2)
  5 redbacks
  2 spriggans (shapeshifter)
  3 spriggans (Depths:5)
  2 air elementals (Depths:4)
  11 wyverns
  14 water elementals
  2 yaks (shapeshifter)
  4 vampires (WizLab)
  A shadow (D:15)
  A fire elemental (Abyss:3)
  38 yaks
  A wyvern (shapeshifter) (Depths:3)
  11 wraiths
  3 basilisks
  A human (shapeshifter) (Depths:5)
  4 hungry ghosts
  4 hogs (Snake:1)
  A redback simulacrum (D:15)
  9 vampire mosquitoes
  A steam dragon (D:13)
  Edmund (D:5)
  2 swamp worms (Vaults:2)
  12 wargs
  3 acid dragons
  52 nagas
  A soldier ant (D:13)
  4 two-headed ogre zombies (WizLab)
  A floating eye (Depths:5)
  13 hell hounds (Lair:6)
  20 water moccasins
  A floating eye (shapeshifter) (Depths:3)
  8 porcupines
  4 swamp drakes (Depths:5)
  28 orc warriors
  7 ice beasts
  A sky beast (D:5)
  An eye of draining (shapeshifter) (Depths:3)
  7 necrophages
  13 black bears
  30 ogres
  The ghost of crazyass the Grave Robber, an amateur GnWn (D:3)
  13 boggarts
  2 phantoms
  14 wolves (Lair:6)
  A human skeleton (Vaults:1)
  17 centaurs
  11 crocodiles
  An elf simulacrum (Vaults:1)
  3 big kobolds
  24 bullfrogs
  A wyvern zombie (D:6)
  A gnoll sergeant (D:11)
  A glowing shapeshifter simulacrum (Vaults:1)
  6 scorpions
  A wyvern skeleton (D:12)
  24 killer bees
  6 troll zombies
  11 wights
  An electric eel (D:14)
  4 howler monkeys
  7 crimson imps
  6 centaur zombies
  4 bullfrog zombies
  4 jellies
  3 quasits
  18 orc priests
  4 centaur skeletons
  6 hounds
  2 bullfrog skeletons
  Natasha (thrice) (D:3)
  10 iguanas
  35 orc wizards
  7 worker ants
  10 ogre zombies
  2 gnolls
  16 adders
  2 river rats (Lair:1)
  7 shadow imps
  An ufetubus (Depths:2)
  6 oozes
  3 adder skeletons
  2 worms
  6 dart slugs
  9 leopard geckos
  116 orcs
  A ball python (D:2)
  10 bats
  3 giant cockroaches
  10 goblins
  13 hobgoblins
  9 jackals
  10 quokkas
  A quokka (shapeshifter) (Depths:2)
  7 frilled lizards
  2 hobgoblin skeletons (D:10)
  2 hobgoblin zombies (D:10)
  A jackal skeleton (D:7)
  A jackal zombie (D:6)
  13 kobolds
  A leopard gecko skeleton (D:4)
  2 leopard gecko zombies (D:5)
  An orc skeleton (D:10)
  14 orc zombies (D:10)
  5 rats
  A fungus (Lair:6)
  11 plants
  3 tentacles (Shoals:4)
1982 creatures vanquished.

Vanquished Creatures (collateral kills)
  2 ancient liches (Zot:5)
  Mara (Snake:4)
  Saint Roka (Vaults:4)
  2 caustic shrikes
  A lich (Depths:2)
  A Hell Sentinel (Depths:5)
  An Orb Guardian (Zot:5)
  A death cob (Zot:5)
  A nagaraja (Snake:4)
  A tengu reaver (Depths:3)
  A fire giant (Depths:3)
  A spriggan defender (Depths:3)
  An entropy weaver (Depths:3)
  A stone giant (Vaults:4)
  An ironheart preserver (Vaults:1)
  A green draconian (Zot:3)
  A red draconian (Zot:1)
  A yellow draconian (Zot:3)
  A merfolk javelineer (Shoals:4)
  5 fire dragons
  A yaktaur captain (Depths:3)
  A jiangshi (Depths:3)
  4 merfolk impalers
  Erolcha (D:11)
  4 naga warriors (Snake:4)
  An alligator snapping turtle (Shoals:4)
  2 hydras
  2 centaur warriors
  A merfolk avatar (Shoals:3)
  2 anacondas (Snake:1)
  3 two-headed ogres
  A merfolk aquamancer (Shoals:4)
  A tengu warrior (Depths:2)
  6 naga sharpshooters
  A spriggan berserker (Depths:2)
  A deep troll earth mage (Depths:3)
  2 hell knights (Vaults:4)
  A skeletal warrior (Vaults:1)
  A salamander mystic (Snake:4)
  2 sea snakes
  3 deep trolls
  A death drake (Vaults:2)
  A naga ritualist (Snake:1)
  3 ironbrand convokers (Vaults:4)
  A lindwurm (Snake:4)
  A deep elf archer (Vaults:1)
  2 harpies
  3 manticores
  A mana viper (Vaults:2)
  A deep elf mage (Vaults:2)
  A wolf spider (Lair:6)
  5 orc sorcerers (Orc:2)
  A faun (Shoals:2)
  7 ugly things
  A cyclops (Vaults:2)
  4 elephants (Lair:3)
  A vault sentinel (Vaults:1)
  2 moths of wrath (Zot:5)
  8 black mambas
  A water nymph (Shoals:4)
  A guardian serpent (Snake:3)
  A centaur skeleton (D:15)
  4 spiny frogs (Lair:6)
  A kobold demonologist (D:14)
  3 rime drakes (Shoals:1)
  5 yaktaurs
  2 komodo dragons (Lair:6)
  7 merfolk
  A polar bear (Shoals:1)
  3 dream sheep (Lair:4)
  3 slime creatures (D:15)
  A blink frog (Shoals:1)
  A redback (Lair:6)
  10 yaks
  A water elemental (Shoals:4)
  2 shadows (Lab)
  A golden eye (shapeshifter) (Shoals:1)
  A golden eye (Shoals:1)
  4 wargs
  A soldier ant (Shoals:1)
  5 nagas
  3 water moccasins (Lair:6)
  A floating eye (D:15)
  5 orc warriors
  A necrophage (Lair:5)
  4 ogres
  2 boggarts (Depths:2)
  A wolf (shapeshifter) (Depths:3)
  A crocodile (D:15)
  3 wolves (Lair:6)
  A bullfrog (shapeshifter) (Vaults:4)
  A scorpion (D:6)
  A wyvern skeleton (D:7)
  4 killer bees (D:11)
  2 wights (D:6)
  An electric eel (Lair:6)
  An orc priest (D:13)
  5 orc wizards
  A worker ant (D:4)
  3 gnolls (D:11)
  An adder (D:11)
  A worm (D:3)
  10 orcs
  A goblin (D:2)
  A hobgoblin (D:2)
  A bat (D:2)
  3 kobolds (D:14)
  A plant (Shoals:2)
  2 tentacles (Shoals:4)
232 creatures vanquished.

Vanquished Creatures (others)
  2 fire giants
  A fire dragon (D:15)
  A shock serpent (Snake:1)
  An orc sorcerer (Vaults:4)
  A salamander (Snake:4)
  3 moths of wrath (Zot:5)
  A yaktaur (Depths:2)
  2 merfolk (Shoals:2)
  A dream sheep (Shoals:2)
  An orc warrior (Orc:1)
  An ogre (Orc:1)
  3 centaurs (Depths:4)
  4 orc wizards (Orc:2)
  Robin (D:2)
  A ball lightning (Vaults:2)
  2 orcs
  A goblin (D:2)
  A fire vortex (Shoals:3)
  25 fungi
  26 plants
  18 tentacles (Shoals:4)
97 creatures vanquished.

Grand Total: 2311 creatures vanquished

Notes
Turn   | Place    | Note
-------+----------+-------------------------------------------
     0 | D:1      | Faustar the Kobold Artificer began the quest for the Orb.
     0 | D:1      | Reached XP level 1. HP: 12/12 MP: 3/3
    21 | D:1      | Reached XP level 2. HP: 16/16 MP: 4/4
   270 | D:1      | Reached XP level 3. HP: 18/20 MP: 5/5
  1177 | D:2      | Noticed Robin
  1438 | D:2      | Reached XP level 4. HP: 25/25 MP: 6/6
  1452 | D:2      | Reached skill level 5 in Short Blades
  1491 | D:2      | Found a shimmering altar of Xom.
  1816 | D:2      | Your ally died
  2054 | D:2      | Reached XP level 5. HP: 29/29 MP: 7/7
  2633 | D:2      | Found a faded altar of an unknown god.
  2865 | D:3      | Noticed crazyass's ghost (amateur GnWn)
  2872 | D:3      | Killed crazyass's ghost
  2872 | D:3      | Reached XP level 6. HP: 34/34 MP: 8/8
  2892 | D:3      | Noticed Natasha
  2909 | D:3      | Killed Natasha
  3002 | D:2      | Found a shattered altar of Ashenzari.
  3021 | D:3      | Noticed Natasha
  3031 | D:3      | Killed Natasha
  3060 | D:3      | Noticed Grinder
  3078 | D:3      | Paralysed by Grinder for 3 turns
  3089 | D:3      | Paralysed by Grinder for 2 turns
  3267 | D:3      | Noticed Natasha
  3280 | D:3      | Killed Natasha
  3438 | D:3      | Killed Grinder
  3438 | D:3      | Reached XP level 7. HP: 14/40 MP: 9/9
  4355 | D:4      | Reached XP level 8. HP: 46/46 MP: 10/10
  4938 | D:5      | Entered Level 5 of the Dungeon
  4972 | D:5      | Reached skill level 5 in Dodging
  5267 | D:5      | Noticed Edmund
  5287 | D:5      | Killed Edmund
  5897 | D:5      | Reached skill level 5 in Fighting
  5897 | D:5      | Reached skill level 10 in Short Blades
  6077 | D:5      | Reached XP level 9. HP: 46/54 MP: 11/11
  6423 | D:6      | Found a staircase to the Ecumenical Temple.
  6423 | D:6      | Noticed Sigmund
  7315 | Temple   | Entered the Ecumenical Temple
  7548 | Temple   | Became a worshipper of Nemelex Xobeh the Trickster
  7670 | D:6      | Found Oliuxenayk's Armour Shoppe.
  7713 | D:6      | Received a gift from Nemelex Xobeh
  8337 | D:6      | Killed Sigmund
  8515 | D:7      | Reached skill level 1 in Invocations
  8563 | D:7      | Noticed a hornet
  8570 | D:7      | Paralysed by a hornet for 3 turns
  8791 | D:7      | Reached XP level 10. HP: 64/65 MP: 12/12
  8852 | D:7      | Found Isybb's Book Shop.
  9074 | D:7      | Found a hide-covered altar of Uskayaw.
  9209 | D:7      | Noticed a cyan ugly thing
  9211 | D:7      | Reached skill level 5 in Invocations
  9254 | D:7      | Killed a cyan ugly thing
  9254 | D:7      | Reached skill level 5 in Evocations
  9839 | D:8      | Noticed a two-headed ogre
  9847 | D:8      | Killed a two-headed ogre
 10142 | D:8      | Reached * piety under Nemelex Xobeh
 10204 | D:8      | Noticed a two-headed ogre
 10215 | D:8      | Killed a two-headed ogre
 10215 | D:8      | Reached XP level 11. HP: 71/71 MP: 17/17
 10381 | D:8      | Reached skill level 10 in Dodging
 10916 | D:9      | Found a deep blue altar of Sif Muna.
 10919 | D:9      | Found a hazy altar of Hepliaklqana.
 10920 | D:9      | Found an ornate altar of the Wu Jian Council.
 10920 | D:9      | Found a blossoming altar of Fedhas.
 10924 | D:9      | Found a glowing silver altar of Zin.
 10925 | D:9      | Found a sacrificial altar of Ru.
 11213 | D:10     | Entered Level 10 of the Dungeon
 11213 | D:10     | Noticed a two-headed ogre
 11500 | D:10     | Reached skill level 2 in Stealth
 11543 | D:10     | Reached skill level 3 in Stealth
 11805 | D:10     | Reached skill level 4 in Stealth
 11989 | D:10     | Found a staircase to the Orcish Mines.
 12694 | D:11     | Noticed a manticore
 12863 | D:11     | Reached ** piety under Nemelex Xobeh
 12922 | D:11     | Reached skill level 5 in Stealth
 13365 | Orc:1    | Entered Level 1 of the Orcish Mines
 13487 | Orc:2    | Entered Level 2 of the Orcish Mines
 13715 | Orc:2    | Noticed an orc knight
 13738 | Orc:1    | Reached skill level 1 in Shields
 13769 | D:10     | Killed an orc knight
 13923 | Orc:1    | Reached skill level 6 in Stealth
 14443 | Orc:2    | Noticed a two-headed ogre
 14455 | Orc:2    | Killed a two-headed ogre
 14465 | Orc:2    | Reached XP level 12. HP: 76/76 MP: 18/18
 14590 | Orc:2    | Found a roughly hewn altar of Beogh.
 15111 | D:11     | Noticed Erolcha
 15354 | D:11     | Found a staircase to the Lair.
 15866 | Lair:1   | Entered Level 1 of the Lair of Beasts
 16063 | Lair:1   | Received a gift from Nemelex Xobeh
 16145 | Lair:1   | Reached skill level 5 in Shields
 16685 | Lair:1   | Reached skill level 10 in Fighting
 16708 | Lair:1   | Reached *** piety under Nemelex Xobeh
 16727 | Lair:1   | Received a gift from Nemelex Xobeh
 17032 | Lair:2   | Found a staircase to the Snake Pit.
 17397 | Lair:2   | Found a staircase to the Shoals.
 17409 | Lair:2   | Got a brightly glowing war axe
 17411 | Lair:2   | Identified the cursed +2 war axe of Iconoclasm {speed, *Slow +Inv rN+ Dex+3} (You found it on level 2 of the Lair of Beasts)
 18023 | Lair:2   | Received a gift from Nemelex Xobeh
 18152 | Lair:3   | Reached **** piety under Nemelex Xobeh
 18247 | Lair:3   | Found a labyrinth entrance.
 18268 | Lab      | Entered a labyrinth
 18621 | Lab      | Noticed a minotaur
 18646 | Lab      | Killed a minotaur
 18697 | Lab      | Got a slimy jade ring
 18703 | Lab      | Found the +3 robe of Clouds {+Fly rElec}
 18712 | Lair:3   | Identified the ring "Wabaoz" {+Fly rPois rC- Str+4 Slay+4 Stlth+} (You took it off a minotaur in a labyrinth)
 18830 | Lair:3   | Reached XP level 13. HP: 78/86 MP: 19/19
 19418 | Lair:3   | Received a gift from Nemelex Xobeh
 19634 | Lair:4   | Noticed a six-headed hydra
 19640 | Lair:4   | Killed a six-headed hydra
 19714 | Lair:4   | Reached skill level 10 in Invocations
 20075 | Lair:4   | Reached ***** piety under Nemelex Xobeh
 20076 | Lair:4   | Received a gift from Nemelex Xobeh
 20084 | Lair:4   | Noticed a six-headed hydra
 20092 | Lair:4   | Killed a six-headed hydra
 20403 | Lair:3   | Learned a level 3 spell: Regeneration
 20649 | Lair:4   | Reached skill level 7 in Stealth
 20865 | Lair:5   | Found a viscous altar of Jiyva.
 20865 | Lair:5   | Found a staircase to the Slime Pits.
 21053 | Lair:5   | Received a gift from Nemelex Xobeh
 21186 | Lair:5   | Noticed aliadon's ghost (journeyman OgTm)
 21352 | Lair:5   | Killed aliadon's ghost
 21352 | Lair:5   | Reached skill level 8 in Stealth
 22222 | Lair:6   | Entered Level 6 of the Lair of Beasts
 22275 | Lair:6   | Noticed a six-headed hydra
 22282 | Lair:6   | Killed a six-headed hydra
 22282 | Lair:6   | Reached skill level 9 in Stealth
 22468 | Lair:6   | Received a gift from Nemelex Xobeh
 22714 | Lair:6   | Reached XP level 14. HP: 38/91 MP: 22/22
 22737 | Lair:6   | Reached skill level 10 in Stealth
 23681 | Orc:2    | Reached skill level 11 in Stealth
 23867 | Orc:2    | Found a staircase to the Elven Halls.
 23935 | Orc:2    | Reached skill level 12 in Stealth
 23975 | Orc:2    | Found a roughly hewn altar of Beogh.
 24105 | Orc:2    | Found Unocuo Pepn's Weapon Emporium.
 24105 | Orc:2    | Found Ysyotzig's Antique Armour Boutique.
 24157 | Orc:2    | Found Monoar's Armour Emporium.
 24157 | Orc:2    | Found Jesosoc's Jewellery Boutique.
 24207 | Orc:2    | Bought the +10 rapier "Haquthua" {protect, *Drain rC++ Dex+6} for 1035 gold pieces
 24220 | Orc:2    | Bought an embroidered cloak for 262 gold pieces
 24471 | Orc:1    | Received a gift from Nemelex Xobeh
 24471 | Orc:1    | Noticed Alannah's ghost (journeyman DsFi)
 24485 | Orc:1    | Killed Alannah's ghost
 24693 | Orc:1    | Found a roughly hewn altar of Beogh.
 24920 | D:11     | Killed Erolcha
 25162 | D:11     | Received a gift from Nemelex Xobeh
 25906 | D:12     | Noticed Lentor's ghost (journeyman DrBe)
 25955 | D:12     | Killed Lentor's ghost
 26150 | D:12     | Received a gift from Nemelex Xobeh
 26167 | D:12     | Reached ****** piety under Nemelex Xobeh
 26414 | Snake:1  | Entered Level 1 of the Snake Pit
 26547 | Snake:1  | Noticed Agnes
 26548 | Snake:1  | Noticed Agnes
 26548 | Snake:1  | Agnes changed into Agnes the merfolk
 26550 | Snake:1  | Killed Agnes the merfolk
 26728 | Snake:1  | Noticed Josephine
 26731 | Snake:1  | Killed Josephine
 26758 | Snake:1  | Received a gift from Nemelex Xobeh
 26803 | Snake:1  | Reached skill level 13 in Stealth
 27029 | Snake:1  | Reached XP level 15. HP: 21/95 MP: 8/24
 27309 | Snake:1  | Received a gift from Nemelex Xobeh
 27365 | Snake:1  | Noticed Kirke
 27558 | Snake:1  | Killed Kirke
 27558 | Snake:1  | Reached skill level 14 in Stealth
 29603 | Snake:3  | Received a gift from Nemelex Xobeh
 29680 | Snake:3  | Noticed Vashnia
 29729 | Snake:3  | Reached skill level 15 in Dodging
 30151 | Shoals:1 | Entered Level 1 of the Shoals
 30719 | Shoals:1 | Reached XP level 16. HP: 101/101 MP: 25/25
 30727 | Shoals:1 | Got a vibrating granite ring
 30729 | Shoals:1 | Identified the ring "Docew" {*Corrode +Blink rElec Int+2 Dex+2} (You found it on level 1 of the Shoals)
 30864 | Shoals:1 | Reached skill level 15 in Stealth
 30949 | Shoals:1 | Received a gift from Nemelex Xobeh
 31684 | Shoals:2 | Reached skill level 16 in Stealth
 31691 | Shoals:2 | Received a gift from Nemelex Xobeh
 32278 | Shoals:3 | Received a gift from Nemelex Xobeh
 33151 | Shoals:4 | Entered Level 4 of the Shoals
 33151 | Shoals:4 | Received a gift from Nemelex Xobeh
 33213 | Shoals:4 | Noticed Ilsuiw
 33781 | Shoals:4 | Got a pitted amber ring
 33783 | Shoals:4 | Identified the ring "Ofet" {rPois rF++ Int-3} (You found it on level 4 of the Shoals)
 33819 | Shoals:4 | Noticed a kraken
 34845 | Snake:3  | Reached XP level 17. HP: 106/106 MP: 26/26
 35121 | Snake:2  | Reached skill level 17 in Stealth
 35248 | Snake:3  | Received a gift from Nemelex Xobeh
 35877 | Snake:3  | Received a gift from Nemelex Xobeh
 36104 | Snake:3  | Killed Vashnia
 36786 | Snake:4  | Entered Level 4 of the Snake Pit
 36793 | Snake:4  | Received a gift from Nemelex Xobeh
 37026 | Snake:4  | Noticed Mara
 37308 | Snake:4  | Reached skill level 18 in Stealth
 38197 | Snake:4  | Noticed Faustar's illusion
 38206 | Snake:4  | Killed Mara
 38281 | Snake:4  | Reached XP level 18. HP: 68/112 MP: 18/28
 38467 | Snake:3  | Reached skill level 19 in Stealth
 39594 | Snake:4  | Reached skill level 20 in Stealth
 39865 | Snake:4  | Got a serpentine rune of Zot
 40271 | Shoals:4 | Killed Ilsuiw
 40367 | Shoals:4 | Killed a kraken
 40373 | Shoals:4 | Got a barnacled rune of Zot
 40563 | Shoals:4 | Got a coiled bone ring
 40741 | Shoals:4 | Received a gift from Nemelex Xobeh
 41165 | Lair:1   | Identified the ring "Rirear Onal" {rElec rF+ rC+ Str+4 Int+4} (You took it off a merfolk impaler on level 4 of the Shoals)
 41692 | Lair:6   | Reached skill level 15 in Short Blades
 41742 | Lair:6   | Received a gift from Nemelex Xobeh
 42323 | Lair:6   | Received a gift from Nemelex Xobeh
 42869 | Slime:1  | Entered Level 1 of the Pits of Slime
 42883 | Lair:5   | Reached XP level 19. HP: 120/120 MP: 29/29
 43671 | D:12     | Noticed Snorg
 43674 | D:12     | Killed Snorg
 43688 | D:12     | Received a gift from Nemelex Xobeh
 44289 | D:13     | Found Guset's Book Boutique.
 44586 | D:13     | Found a gate to the Vaults.
 44744 | D:13     | Reached skill level 15 in Fighting
 45066 | D:14     | Received a gift from Nemelex Xobeh
 45182 | D:14     | Found Taymich's Book Shop.
 45787 | D:14     | Received a gift from Nemelex Xobeh
 46087 | D:15     | Entered Level 15 of the Dungeon
 46242 | D:15     | Reached skill level 1 in Charms
 46257 | D:15     | Reached skill level 1 in Spellcasting
 46257 | D:15     | Reached skill level 1 in Necromancy
 46379 | D:15     | Found a staircase to the Depths.
 46642 | D:15     | Received a gift from Nemelex Xobeh
 46827 | D:15     | Received a gift from Nemelex Xobeh
 46918 | D:15     | Paralysed by a floating eye for 2 turns
 46972 | D:15     | Reached XP level 20. HP: 129/131 MP: 30/30
 47311 | Lair:1   | Identified a scroll of acquirement
 47314 | Lair:1   | Got a scorched scale mail
 47315 | Lair:1   | Identified the +5 scale mail of Coihuaha {rPois rN+} (You acquired it on level 1 of the Lair of Beasts)
 47416 | Vaults:1 | Entered Level 1 of the Vaults
 47764 | Vaults:1 | Found Eproliq's Assorted Antiques.
 47883 | Vaults:1 | Received a gift from Nemelex Xobeh
 47984 | Vaults:1 | Found a magical portal.
 48016 | WizLab   | Entered Zonguldrok's Shrine
 48345 | WizLab   | Reached skill level 5 in Charms
 48510 | WizLab   | Noticed an antique lich
 48528 | WizLab   | Killed an antique lich
 48540 | WizLab   | Found the +9 sword of Zonguldrok {reap}
 48579 | WizLab   | Identified Haatrize's Grimoire of Shape Shifting and Battle Magic
 48695 | D:13     | Got a pair of ichor-stained boots
 48696 | D:13     | Identified the +3 pair of boots "Liaziru" {+Blink +Inv rPois} (You acquired it on level 13 of the Dungeon)
 48766 | Vaults:1 | Paralysed by a great orb of eyes for 5 turns
 48859 | Vaults:1 | Bought a slimy short sword for 328 gold pieces
 48859 | Vaults:1 | Bought a potion of curing for 123 gold pieces
 48859 | Vaults:1 | Bought a potion of curing for 123 gold pieces
 48859 | Vaults:1 | Identified the +9 short sword of Wese {flame, rF- Str+2 Int+2 SInv} (You bought it in a shop on level 1 of the Vaults)
 48876 | Vaults:1 | Reached skill level 5 in Spellcasting
 48876 | Vaults:1 | Reached skill level 5 in Necromancy
 48902 | Vaults:1 | Received a gift from Nemelex Xobeh
 49163 | Vaults:1 | Received a gift from Nemelex Xobeh
 50109 | Vaults:2 | Paralysed by a great orb of eyes for 2 turns
 50837 | D:13     | Bought a book of Enchantments for 650 gold pieces
 50845 | D:13     | Learned a level 6 spell: Deflect Missiles
 50929 | Lair:1   | Reached XP level 21. HP: 136/136 MP: 31/31
 51100 | Vaults:2 | Received a gift from Nemelex Xobeh
 51138 | Vaults:2 | Reached skill level 5 in Air Magic
 51184 | Vaults:1 | Reached XP level 22. HP: 105/142 MP: 24/32
 51990 | Vaults:2 | Found Romu Qej's Distillery.
 52011 | Vaults:2 | Bought a potion of might for 52 gold pieces
 52011 | Vaults:2 | Bought a potion of curing for 39 gold pieces
 52011 | Vaults:2 | Bought a potion of heal wounds for 65 gold pieces
 52011 | Vaults:2 | Bought a potion of curing for 39 gold pieces
 52011 | Vaults:2 | Bought 2 potions of haste for 260 gold pieces
 52011 | Vaults:2 | Bought a potion of curing for 39 gold pieces
 52489 | Vaults:2 | Received a gift from Nemelex Xobeh
 53863 | Vaults:3 | Paralysed by a vampire knight for 2 turns
 54250 | Vaults:3 | Found a staircase to the Crypt.
 55067 | Vaults:3 | Identified the +4 ring mail "Jinub" {+Fly Int+3} (You found it on level 3 of the Vaults)
 55516 | Vaults:4 | Received a gift from Nemelex Xobeh
 55734 | Vaults:3 | Reached skill level 10 in Air Magic
 55923 | Vaults:4 | Noticed Saint Roka
 55941 | Vaults:4 | Killed Saint Roka
 56955 | Vaults:4 | Reached XP level 23. HP: 127/147 MP: 27/33
 57495 | Vaults:4 | Received a gift from Nemelex Xobeh
 57576 | Vaults:4 | Reached skill level 15 in Invocations
 57680 | Vaults:4 | Found Kirgh's Jewellery Boutique.
 57688 | Vaults:4 | Bought an uncursed amulet of regeneration for 600 gold pieces
 57906 | Vaults:4 | Noticed Margery
 57948 | Vaults:4 | Killed Margery
 58012 | Vaults:4 | Received a gift from Nemelex Xobeh
 58851 | Depths:1 | Entered Level 1 of the Depths
 59427 | Depths:1 | Found a gateway to Hell.
 59885 | Depths:1 | Found a corrupted altar of Lugonu.
 59886 | Depths:1 | Found a one-way gate to the infinite horrors of the Abyss.
 60319 | Depths:2 | Found a one-way gate leading to the halls of Pandemonium.
 60458 | Depths:2 | Found a flickering gateway to a bazaar.
 60463 | Bazaar   | Entered a bazaar
 60463 | Bazaar   | Received a gift from Nemelex Xobeh
 60463 | Bazaar   | Found Fuakebew's Weapon Shoppe.
 60463 | Bazaar   | Found Qubb's Magic Scroll Emporium.
 60465 | Bazaar   | Found Miph's Antique Armour Shoppe.
 60465 | Bazaar   | Found Ewkebyfe's Gadget Emporium.
 60487 | Bazaar   | Bought 2 scrolls of blinking for 150 gold pieces
 60491 | Bazaar   | Bought a wand of iceblast (8) for 108 gold pieces
 60495 | Bazaar   | Bought a scroll of enchant armour for 75 gold pieces
 60826 | Depths:2 | Noticed a golden dragon
 61366 | Depths:2 | Noticed a caustic shrike
 61705 | Depths:1 | Reached skill level 21 in Stealth
 61774 | Depths:2 | Reached XP level 24. HP: 114/152 MP: 35/35
 61851 | Depths:2 | Killed a caustic shrike
 61876 | Depths:2 | Identified Owynku's Grimoire of the Mountains and the Frostbite
 62421 | Vaults:4 | Bought an uncursed ring of resist corrosion for 400 gold pieces
 62692 | Depths:2 | Identified the cursed -1 buckler "Giho" {Str+4} (You took it off a boggart on level 2 of the Depths)
 62693 | Depths:2 | Identified the +9 scimitar of Neutyne {drain, *Rage rPois Str+8 Dex+5} (You took it off a boggart on level 2 of the Depths)
 62721 | Depths:2 | Got a clouded turquoise ring
 62822 | Depths:2 | Got a heavily runed glass ring
 62963 | Depths:2 | Killed a golden dragon
 62965 | Depths:2 | Identified the ring "Seezeog" {rC+ rN+ Int+4} (You took it off a boggart on level 2 of the Depths)
 62966 | Depths:2 | Identified the ring "Cuhail" {rElec rPois EV+3 Int+4} (You found it on level 2 of the Depths)
 63549 | Depths:3 | Received a gift from Nemelex Xobeh
 63591 | Depths:3 | Reached skill level 22 in Stealth
 63647 | Depths:3 | Noticed a caustic shrike
 63654 | Depths:3 | Killed a caustic shrike
 63672 | Depths:3 | Noticed a caustic shrike
 63777 | Depths:2 | Paralysed by an ogre mage for 4 turns
 63900 | Depths:3 | Noticed a golden dragon
 63900 | Depths:3 | a caustic shrike changed into a golden dragon
 63910 | Depths:3 | Killed a golden dragon
 64821 | Depths:3 | Reached skill level 10 in Spellcasting
 64839 | Depths:3 | Received a gift from Nemelex Xobeh
 64921 | Depths:3 | Noticed a juggernaut
 64943 | Depths:3 | Killed a juggernaut
 64946 | Depths:3 | Noticed a caustic shrike
 64948 | Depths:3 | Killed a caustic shrike
 64948 | Depths:3 | Reached XP level 25. HP: 131/157 MP: 37/37
 65386 | Depths:3 | Paralysed by a sphinx for 6 turns
 65747 | Depths:3 | Identified the Papyrus of Flamy Curses
 65837 | Depths:3 | Cast into level 3 of the Abyss (a lich)
 66020 | Abyss:3  | Got an abyssal rune of Zot
 66136 | Abyss:3  | Received a gift from Nemelex Xobeh
 66156 | Depths:3 | Escaped the Abyss
 66180 | Depths:3 | Cast into level 3 of the Abyss (a lich)
 66180 | Abyss:3  | Found a corrupted altar of Lugonu.
 66200 | Depths:3 | Escaped the Abyss
 66258 | Depths:3 | Reached skill level 10 in Charms
 66375 | Depths:3 | Identified the Incunabulum of Execration and the Blaze
 66779 | Depths:4 | Received a gift from Nemelex Xobeh
 66960 | Depths:4 | Noticed a caustic shrike
 66960 | Depths:4 | Noticed a caustic shrike
 67908 | Depths:5 | Entered Level 5 of the Depths
 67912 | Depths:5 | Found a gateway to a ziggurat.
 68123 | Depths:5 | Received a gift from Nemelex Xobeh
 68434 | Depths:5 | Noticed a caustic shrike
 68447 | Depths:5 | Noticed a caustic shrike
 68452 | Depths:5 | Noticed a caustic shrike
 68535 | Depths:5 | Noticed a juggernaut
 68536 | Depths:5 | Noticed a shard shrike
 68536 | Depths:5 | a juggernaut changed into a shard shrike
 68548 | Depths:5 | Killed a shard shrike
 68856 | Depths:5 | Noticed a caustic shrike
 68857 | Depths:5 | Noticed a caustic shrike
 68887 | Depths:4 | Killed a caustic shrike
 69426 | Depths:4 | Killed a caustic shrike
 69458 | Depths:4 | Killed a caustic shrike
 69829 | Depths:4 | Killed a caustic shrike
 69829 | Depths:4 | Reached XP level 26. HP: 118/160 MP: 37/37
 71045 | Depths:5 | Received a gift from Nemelex Xobeh
 71337 | Depths:5 | Reached skill level 23 in Stealth
 71814 | Depths:5 | Found a gate to the Realm of Zot.
 72118 | Depths:5 | Identified the +8 falchion "Kefyzxel" {venom, -Tele +Rage rPois} (You took it off a draconian shifter on level 5 of the Depths)
 72697 | Zot:1    | Entered Level 1 of the Realm of Zot
 73002 | Zot:1    | Reached skill level 24 in Stealth
 73302 | Zot:1    | Identified the cursed +0 buckler of Inference {rPois MR+} (You took it off a black draconian on level 1 of the Realm of Zot)
 73673 | Zot:1    | Received a gift from Nemelex Xobeh
 74110 | Zot:1    | Reached skill level 25 in Stealth
 75633 | Zot:2    | Reached XP level 27. HP: 120/161 MP: 37/37
 76355 | Zot:2    | Reached skill level 26 in Stealth
 77223 | Zot:3    | Received a gift from Nemelex Xobeh
 77645 | Zot:3    | Reached skill level 27 in Stealth
 79510 | Zot:5    | Entered Level 5 of the Realm of Zot
 79512 | Zot:5    | Received a gift from Nemelex Xobeh
 81696 | Zot:5    | Noticed an orb of fire
 81848 | Zot:5    | Noticed an ancient lich
 81855 | Zot:5    | Noticed an ancient lich
 81861 | Zot:5    | Noticed an ancient lich
 81865 | Zot:5    | Killed an ancient lich
 81867 | Zot:5    | Noticed an ancient lich
 81870 | Zot:5    | Killed an ancient lich
 81885 | Zot:5    | Paralysed by the power of Zot for 5 turns
 81889 | Zot:5    | Killed an ancient lich
 82007 | Zot:5    | Noticed a juggernaut
 82007 | Zot:5    | a Killer Klown changed into a juggernaut
 82018 | Zot:5    | Killed a juggernaut
 82025 | Zot:5    | Killed an ancient lich
 82037 | Zot:5    | Received a gift from Nemelex Xobeh
 82279 | Zot:5    | Noticed an orb of fire
 82285 | Zot:5    | Noticed an ancient lich
 82289 | Zot:5    | Gained mutation: Armour fits poorly on your strangely shaped body. [an orb of fire]
 82293 | Zot:5    | Killed an orb of fire
 82299 | Zot:5    | Killed an ancient lich
 83152 | Zot:5    | Got the Orb of Zot
 83438 | D:15     | Noticed Anlur the pandemonium lord
 83554 | D:11     | Noticed Sueq the pandemonium lord
 83611 | D:9      | Noticed Guplehof the pandemonium lord
 83841 | D:$      | Escaped with the Orb!

Skill      XL: |  1  2  3  4  5  6  7  8  9 10 11 12 13 14 15 16 17 18 19 20 21 22 23 24 25 26 27 |
---------------+----------------------------------------------------------------------------------+-----
Short Blades   | 3 4 5 7 8 9 10 12 14 15 16 21 | 21.0
Fighting       | 2 3 5 8 9 12 13 16 19 | 19.5
Dodging        | 3 4 6 8 9 12 13 15 17 18 | 18.0
Invocations    | 1 5 7 11 12 13 14 16 18 19 20 | 20.4
Evocations     | 8 9 |  9.0
Stealth        | 6 9 13 14 16 18 20 21 22 25 27 | 27.0
Shields        | 2 5 7 8 |  8.0
Charms         | 3 6 8 11 | 11.0
Spellcasting   | 2 6 10 | 10.7
Necromancy     | 2 8 |  8.2
Air Magic      | 4 5 10 12 | 12.4

Action                   |  1- 3 |  4- 6 |  7- 9 | 10-12 | 13-15 | 16-18 | 19-21 | 22-24 | 25-27 || total
-------------------------+-------+-------+-------+-------+-------+-------+-------+-------+-------++-------
Melee: Short sword       |    94 |    55 |       |       |       |       |       |       |       ||   149
       Dagger            |       |   106 |   477 |  1430 |   826 |       |       |       |       ||  2839
       Rapier            |       |       |       |       |   607 |  1567 |  1612 |  2543 |  3460 ||  9789
 Cast: Regeneration      |       |       |       |       |       |       |       |    15 |    74 ||    89
Invok: Triple Draw       |       |       |       |       |       |     4 |     1 |     1 |       ||     6
       Stack Five        |       |       |       |       |       |     1 |     2 |     2 |     1 ||     6
       Deal Four         |       |       |       |       |       |       |       |     1 |     2 ||     3
 Abil: Evoke Flight      |       |       |       |       |     8 |    45 |     1 |       |     3 ||    57
       Evoke Blink       |       |       |       |       |       |       |       |       |     7 ||     7
Evoke: Wand              |     9 |    25 |    47 |    46 |    33 |    60 |     2 |    12 |    38 ||   272
       Deck              |       |       |     1 |    16 |    64 |    61 |    30 |    58 |    50 ||   280
       Lightning rod     |       |       |       |       |       |       |       |       |     7 ||     7
       Box of beasts     |       |       |       |       |       |       |       |       |     2 ||     2
  Use: Scroll            |       |     9 |       |    21 |     4 |     7 |     9 |    17 |    22 ||    89
       Potion            |       |       |       |     4 |     1 |     2 |     6 |     1 |    25 ||    39
 Stab: Sleeping          |       |     2 |     3 |     5 |    32 |    32 |    48 |    32 |    32 ||   186
       Paralysed         |       |     1 |       |       |       |     1 |       |       |       ||     2
       Distracted        |       |     1 |       |     5 |    11 |    16 |    20 |    29 |    25 ||   107
       Confused          |       |       |       |     2 |       |       |       |       |     1 ||     3
       Petrifying        |       |       |       |     1 |       |       |     1 |     4 |       ||     6
       Petrified         |       |       |       |     1 |       |       |       |     1 |       ||     2
  Eat: Chunk             |    10 |     6 |    16 |    37 |    39 |    44 |    28 |    50 |    62 ||   292
       Ration            |       |       |       |       |       |       |       |       |     3 ||     3
Armor: Leather armour    |    28 |    19 |    38 |    61 |       |       |       |       |       ||   146
       Troll leather arm |       |       |       |    17 |    73 |   113 |    67 |       |       ||   270
       Scale mail        |       |       |       |       |       |       |    72 |   350 |   564 ||   986
Dodge: Dodged            |    73 |    90 |   242 |   727 |   701 |  1075 |   831 |  1632 |  1905 ||  7276
Block: Buckler           |       |       |       |    51 |   327 |   498 |   409 |   953 |  1096 ||  3334
